 Dungeon Crawl Stone Soup version 0.30-a0-782-ge64f9170bb (webtiles) character file.

Game seed: 7764380637197645770

79 Goldberg the Covered (level 4, -1/35 HPs)
             Began as a Human Fighter on Feb 23, 2023.
             Slain by a kobold brigand
             ... wielding a +0 dagger
              (5 damage)
             ... in a sewer.
             The game lasted 00:04:57 (2240 turns).

Goldberg the Covered (Human Fighter)                Turns: 2240, Time: 00:04:57

Health: -1/35      AC: 13    Str: 19    XL:     4   Next: 62%
Magic:  4/4        EV:  5    Int:  8    God:
Gold:   108        SH:  0    Dex: 12    Spells: 3/3 levels left

rFire   . . .      SeeInvis .    a - +0 trident
rCold   . . .      Faith    .    l - orb {mayhem}
rNeg    . . .      Spirit   .    u - +0 plate armour
rPois   .          Reflect  .    (no helmet)
rElec   .          Harm     .    (no cloak)
rCorr   .          Rampage  .    w - +1 pair of gloves
Will    .....                    (no boots) Stlth
                                 (no amulet)
HPRegen 0.25/turn                (no ring)
MPRegen 0.09/turn                (no ring)

@: mighty, very slow
A: no striking features
a: no special abilities


You were in a sewer.
You visited 1 branch of the dungeon, and saw 3 of its levels.
You also visited: Sewer.

You collected 108 gold pieces.

Inventory:

Hand Weapons
 a - a +0 trident (weapon)
Armour
 b - a +0 scale mail
 c - a +0 buckler
 l - an orb of mayhem (worn)
 u - a +0 plate armour (worn)
 w - a +1 pair of gloves (worn)
Scrolls
 f - a scroll of amnesia {unknown}
 h - a scroll of enchant weapon {unknown}
 j - a scroll of teleportation {unknown}
 k - a scroll of fear {unknown}
 m - a scroll of silence {unknown}
 o - 4 scrolls of identify {unknown}
 r - a scroll of poison {unknown}
 v - a scroll of immolation {unknown}
 x - a scroll of fog {unknown}
Potions
 e - a potion of brilliance {unknown}
 g - 2 potions of degeneration {unknown}
 i - a potion of mutation {unknown}
 n - 3 potions of curing {unknown}
 p - a potion of ambrosia {unknown}
 q - 2 potions of magic {unknown}
 s - 2 potions of haste {unknown}
 t - a potion of lignification {unknown}


   Skills:
 + Level 3.3 Fighting
 + Level 3.2 Polearms
 + Level 4.0 Armour
 + Level 0.1 Stealth
 + Level 3.0 Shields


You had 3 spell levels left.
You didn't know any spells.
Your spell library contained the following spells:

 Spells                   Type           Power      Damage    Failure   Level
 Apportation              Tloc           0%         N/A       100%        1
 Alistair's Intoxication  Tmut/Pois      0%         N/A       100%        5


Dungeon Overview and Level Annotations

Branches:
Dungeon (3/15)              Sewer (1/1)

Altars:


Message History

The kobold brigand hits you but does no damage.
Your unstable footing causes you to fumble your attack.
The kobold brigand hits you with a +0 dagger.
* * * LOW HITPOINT WARNING * * *
You closely miss the kobold brigand.
The kobold brigand is severely wounded.
The kobold brigand hits you but does no damage.
Your unstable footing causes you to fumble your attack.
The kobold brigand splashes around in the water.
You closely miss the kobold brigand.
The kobold brigand is severely wounded.
The kobold brigand hits you but does no damage.
Your unstable footing causes you to fumble your attack.
The kobold brigand splashes around in the water.
The kobold brigand hits you with a +0 dagger.
* * * LOW HITPOINT WARNING * * *
Your unstable footing causes you to fumble your attack.
The kobold brigand completely misses you.
Your unstable footing causes you to fumble your attack.
The kobold brigand barely misses you.
You barely miss the kobold brigand.
The kobold brigand is severely wounded.
The kobold brigand hits you with a +0 dagger.
* * * LOW HITPOINT WARNING * * *
You barely miss the kobold brigand.
The kobold brigand is severely wounded.
The kobold brigand splashes around in the water.
Your unstable footing causes you to fumble your attack.
The kobold brigand hits you with a +0 dagger.
* * * LOW HITPOINT WARNING * * *
You feel very mighty all of a sudden.
The kobold brigand hits you but does no damage.
You closely miss the kobold brigand.
The kobold brigand is severely wounded.
The kobold brigand hits you but does no damage.
You closely miss the kobold brigand.
The kobold brigand is severely wounded.
The kobold brigand barely misses you.
The kobold brigand hits you with a +0 dagger.
You die...

#....∩∩....P#
#.........###
#...##########
#P..~~~~†~~~~#
#.P.##########
#~~~..##
##.~~~~###
#.~.~~..###
#...~~@~~.#
##~~..#K#~..~#
#....~#~#
..~~.
#P.~~~#~# .P~~
#.....#~# .P~
##...~#~# #.
#..#########
##~~~~~~~~~#
#.#########


You could see a kobold brigand.

Vanquished Creatures
  4 adders
  A river rat (Sewer)
  A worm (D:3)
  A dart slug (D:3)
  3 ball pythons
  2 endoplasms (D:1)
  2 giant cockroaches
  5 goblins
  A quokka (D:3)
  2 bats (D:2)
  4 frilled lizards
  A kobold (D:2)
  6 rats
33 creatures vanquished.

Vanquished Creatures (others)
  10 plants (Sewer)
10 creatures vanquished.

Grand Total: 43 creatures vanquished

Notes
Turn   | Place    | Note
-------+----------+-------------------------------------------
     0 | D:1      | Goldberg the Human Fighter began the quest for the Orb.
     0 | D:1      | Reached XP level 1. HP: 18/18 MP: 1/1
   317 | D:1      | Reached XP level 2. HP: 24/24 MP: 2/2
   992 | D:2      | Reached XP level 3. HP: 27/29 MP: 3/3
  1755 | D:3      | Reached XP level 4. HP: 35/35 MP: 4/4
  1919 | D:3      | Found a glowing drain.
  2041 | Sewer    | Entered a sewer
  2133 | Sewer    | Reached skill level 4 in Armour
  2201 | Sewer    | Noticed a kobold brigand
  2240 | Sewer    | Slain by a kobold brigand

Illustrated notes

Levels and vault maps discovered:
D:1:      roderic_octagonal_star, layout_rooms, grunt_decor_resistance
D:2:      layout_rooms, serial_aquarium, aquarium_bridge_square
          [aquarium_subvault_bridge, aquarium_subvault_bridge,
          aquarium_subvault_wall, aquarium_subvault_wall],
          aquarium_window_corner, aquarium_window_corner, aquarium_view_2a,
          aquarium_balcony_double_4, aquarium_pool_five, minmay_fountain_box,
          roderic_lattice_a
D:3:      layout_loops_ring, gup_sewer_entry_bubbles, goddamned_bats
Sewer:    sewer_co_scattered_pipes

Skill      XL: |  1  2  3  4 |
---------------+-------------+-----
Polearms       | 3 |  3.2
Armour         | 4 |  4.0
Fighting       | |  3.3
Stealth        | |  0.1
Shields        | |  3.0

Action                     |  1- 3 |  4- 6 || total
---------------------------+-------+-------++-------
  Melee: Trident           |    84 |   140 ||   224
    Use: Potion            |       |     1 ||     1
 Armour: Scale mail        |    17 |       ||    17
         Plate armour      |    34 |    71 ||   105
  Dodge: Dodged            |    21 |    33 ||    54
  Block: Buckler           |     2 |       ||     2

Table legend: (Time is in decaauts)
 A = Elapsed time spent in this place.
 B = Non-inter-level travel time spent in this place.
 C = Inter-level travel time spent in this place.
 D = Time resting spent in this place.
 E = Time spent auto-exploring this place.
 F = Levels seen in this place.
 G = Mean time per level.
                   A        B        C        D        E       F      G
               +--------+--------+--------+--------+--------+-----+--------+
         Total |   2320 |   2267 |     53 |    117 |   1459 |   4 |  580.0 |
       Dungeon |   2083 |   2030 |     53 |     77 |   1459 |   3 |  694.3 |
         Sewer |    236 |    236 |      0 |     40 |      0 |   1 |  236.0 |
               +--------+--------+--------+--------+--------+-----+--------+

Top non-repeatable levels by time:
     D:2: 987 daAuts
     D:1: 740 daAuts
     D:3: 355 daAuts
   Sewer: 236 daAuts
